 Dungeon Crawl Stone Soup version 0.30-a0-1160-g6e42c06551 (webtiles) character file.

Game seed: 6246103981360636221

1752030 ragingrage the Marksnaga (level 27, 234/234 HPs)
             Began as a Naga Hunter on Apr 26, 2023.
             Was the Champion of Hepliaklqana.
             Escaped with the Orb
             ... and 3 runes!
             The game lasted 01:51:58 (62697 turns).

ragingrage the Marksnaga (Naga Hunter)             Turns: 62697, Time: 01:51:59

Health: 234/234    AC: 40    Str: 13    XL:     27
Magic:  32/32      EV: 21    Int: 12    God:    Hepliaklqana [******]
Gold:   5398       SH: 22    Dex: 35    Spells: 15/32 levels left

rFire   + + .        a - +9 hand crossbow (freeze)
rCold   + . .        K - +0 kite shield {reflect}
rNeg    + . .        d - +4 ring mail "Reojag" {Contam rElec rCorr Int+5}
rPois   +            g - +2 hat "Ugoahu Moto" {rElec rPois}
rElec   +            Z - +3 cloak "Gyceiv" {Dex+3 Stlth+}
rCorr   +            G - +2 pair of gloves "Akuthraw" {rF+ rC+ Regen+ Int-4}
SInv    +            c - +4 barding {rF+}
Will    +++..        y - amulet of regeneration
Stlth   +++          T - +6 ring of dexterity
HPRegen 2.19/turn    w - ring of Feghal {Fly rN+ Slay+4}
MPRegen 0.23/turn

%: reflection
@: flying, very slow
A: reduced essence, AC +9, large, see invisible, deformed body, poison
resistance, slowness 2, spit poison 1, naga tail 2, antennae 1, large bone
plates 1, weak 1, noise suppression
0: Orb of Zot
}: 3/15 runes: serpentine, barnacled, silver
a: Spit Poison, Renounce Religion, Recall Ancestor, Ancestor Identity,
Transference, Idealise


You escaped.
You worshipped Hepliaklqana.
Hepliaklqana was exalted by your worship.
You visited 10 branches of the dungeon, and saw 48 of its levels.
You also visited: Ice Cave and Wizlab.

You collected 9183 gold pieces.
You spent 3785 gold pieces at shops.

Inventory:

Hand Weapons
 a - a +9 hand crossbow of freezing (weapon)
 b - a +1 dagger of electrocution
Missiles
 I - 9 curare-tipped darts
 L - 4 throwing nets
Armour
 c - a +4 barding of fire resistance (worn)
 d - the +4 ring mail "Reojag" (worn) {Contam rElec rCorr Int+5}
   (You bought it in a shop on level 4 of the Snake Pit)

   Int:       It affects your intelligence (+5).
   rElec:     It insulates you from electricity.
   Contam:    It causes magical contamination when unequipped.
   rCorr:     It protects you from acid and corrosion.
 g - the +2 hat "Ugoahu Moto" (worn) {rElec rPois}
   (You found it on level 3 of the Elven Halls)

   rElec:     It insulates you from electricity.
   rPois:     It protects you from poison.
 E - the +0 leather armour of Abstinence {rPois Str-4 Int+4}
   (You found it on level 2 of the Realm of Zot)

   Str:       It affects your strength (-4).
   Int:       It affects your intelligence (+4).
   rPois:     It protects you from poison.
 G - the +2 pair of gloves "Akuthraw" (worn) {rF+ rC+ Regen+ Int-4}
   (You bought it in a shop on level 2 of the Orcish Mines)

   Int:       It affects your intelligence (-4).
   rF:        It protects you from fire.
   rC:        It protects you from cold.
   Regen:     It increases your rate of health regeneration.
 K - a +0 kite shield of reflection (worn)
 Z - the +3 cloak "Gyceiv" (worn) {Dex+3 Stlth+}
   (You found it on level 14 of the Dungeon)

   Dex:       It affects your dexterity (+3).
   Stlth:     It makes you more stealthy.
Jewellery
 w - the ring of Feghal (right hand) {Fly rN+ Slay+4}
   (You found it in a wizard's laboratory)

   [ring of flight]

   Slay:      It affects your accuracy & damage with ranged weapons and melee
   (+4).
   rN:        It protects you from negative energy.
   Fly:       It grants you flight.
 y - an amulet of regeneration (around neck)
 T - a +6 ring of dexterity (left hand)
 U - the ring of the Hero {rElec rF+ Will+ Slay+3}
   (You found it on level 4 of the Shoals)

   [ring of willpower]

   Slay:      It affects your accuracy & damage with ranged weapons and melee
   (+3).
   rF:        It protects you from fire.
   rElec:     It insulates you from electricity.
   Will:      It increases your willpower.
Wands
 v - a wand of polymorph (8)
 B - a wand of mindburst (47)
 F - a wand of paralysis (71)
 H - a wand of digging (31)
 M - a wand of flame (118)
 N - a wand of acid (24)
 O - a wand of iceblast (31)
Scrolls
 f - 4 scrolls of enchant armour
 h - 7 scrolls of poison
 i - 16 scrolls of teleportation
 m - 10 scrolls of fog
 t - 6 scrolls of blinking
 z - 9 scrolls of vulnerability
 C - 11 scrolls of fear
 P - 3 scrolls of silence
 V - 2 scrolls of butterflies
 W - 2 scrolls of magic mapping
 X - 3 scrolls of immolation
Potions
 e - 15 potions of ambrosia
 j - 9 potions of mutation
 k - 2 potions of cancellation
 n - 21 potions of curing
 o - 13 potions of attraction
 q - 9 potions of flight
 r - a potion of magic
 s - 11 potions of might
 u - 7 potions of lignification
 x - 9 potions of invisibility
 A - 6 potions of resistance
 D - 16 potions of heal wounds
 J - 2 potions of haste
 Q - 5 potions of berserk rage
 Y - 4 potions of brilliance
Miscellaneous
 l - a tin of tremorstones (2/2)
 p - a lightning rod (4/4)
 R - a phial of floods
 S - a box of beasts


   Skills:
 - Level 18.0 Fighting
 - Level 4.0 Short Blades
 - Level 19.0 Ranged Weapons
 - Level 17.0 Armour
 + Level 14.5 Dodging
 - Level 18.0 Stealth
 - Level 17.0 Shields
 - Level 3.0 Spellcasting
 - Level 4.0 Hexes
 - Level 14.0 Translocations
 - Level 13.0 Invocations
 - Level 18.0 Evocations


You had 15 spell levels left.
You knew the following spells:

 Your Spells              Type           Power      Damage    Failure   Level
a - Blink                 Tloc           70%        N/A       1%          2
b - Portal Projectile     Hex/Tloc       46%        N/A       4%          3
c - Passage of Golubria   Tloc           35%        N/A       2%          4
d - Dispersal             Tloc           17%        N/A       32%         6
e - Passwall              Tmut/Erth      0%         N/A       71%         2

Your spell library contained the following spells:

 Spells                   Type           Power      Damage    Failure   Level
 Lesser Beckoning         Tloc           70%        N/A       1%          2
 Gell's Gravitas          Tloc           35%        N/A       1%          3
 Teleport Other           Tloc           35%        N/A       1%          3
 Manifold Assault         Tloc           35%        N/A       2%          4
 Momentum Strike          Conj/Tloc      36%        3d9       6%          2
 Volatile Blastmotes      Fire/Tloc      36%        2d13      12%         3
 Iskenderun's Mystic Bla  Conj/Tloc      18%        2d6       36%         4
 Ensorcelled Hibernation  Hex/Ice        12%        N/A       41%         2
 Magic Dart               Conj           4%         1d3       56%         1
 Sandblast                Erth           2%         2d4       56%         1
 Shock                    Conj/Air       4%         1d3       56%         1
 Sting                    Tmut/Pois      4%         1d3       56%         1
 Summon Small Mammal      Summ           4%         N/A       56%         1
 Dazzling Flash           Conj/Hex       12%        N/A       65%         3
 Inner Flame              Hex/Fire       6%         N/A       65%         3
 Summon Guardian Golem    Hex/Summ       6%         N/A       65%         3
 Call Imp                 Summ           2%         N/A       71%         2
 Cigotuvi's Dreadful Rot  Necr/Pois/Air  2%         N/A       71%         2
 Poisonous Vapours        Pois/Air       2%         N/A       71%         2
 Summon Forest            Summ/Tloc      9%         N/A       71%         5
 Cause Fear               Hex            5%         N/A       78%         4
 Call Canine Familiar     Summ           1%         N/A       90%         3
 Hailstorm                Conj/Ice       1%         3d3       90%         3
 Ignite Poison            Fire/Tmut/Pois 1%         N/A       90%         3
 Mephitic Cloud           Conj/Pois/Air  1%         N/A       90%         3
 Ozocubu's Armour         Ice            1%         N/A       90%         3
 Spider Form              Tmut/Pois      1%         N/A       90%         3
 Stone Arrow              Conj/Erth      2%         3d7       90%         3
 Swiftness                Air            1%         N/A       90%         3
 Anguish                  Hex/Necr       3%         N/A       96%         4
 Fulminant Prism          Conj/Hex       3%         3d5       96%         4
 Leda's Liquefaction      Hex/Erth       3%         N/A       96%         4
 Airstrike                Air            0%         2d(1-17)  100%        4
 Animate Armour           Summ/Erth      2%         N/A       100%        4
 Animate Dead             Necr           1%         N/A       100%        4
 Ice Form                 Ice/Tmut       1%         N/A       100%        4
 Olgreb's Toxic Radiance  Pois           1%         N/A       100%        4
 Petrify                  Tmut/Erth      1%         N/A       100%        4
 Summon Lightning Spire   Summ/Air       1%         N/A       100%        4
 Agony                    Necr           1%         N/A       100%        5
 Alistair's Intoxication  Tmut/Pois      0%         N/A       100%        5
 Arcjolt                  Conj/Air       0%         1d10      100%        5
 Blade Hands              Tmut           0%         N/A       100%        5
 Borgnjor's Vile Clutch   Necr/Erth      0%         N/A       100%        5
 Freezing Cloud           Conj/Ice/Air   0%         6-21      100%        5
 Iskenderun's Battlesphe  Conj           1%         2d6       100%        5
 Lee's Rapid Deconstruct  Erth           0%         3d4*      100%        5
 Metabolic Englaciation   Hex/Ice        3%         N/A       100%        5
 Silence                  Hex/Air        3%         N/A       100%        5
 Yara's Violent Unravell  Hex/Tmut       3%         3d4       100%        5
 Death Channel            Necr           0%         N/A       100%        6
 Iron Shot                Conj/Erth      0%         9d1       100%        6
 Simulacrum               Ice/Necr       0%         N/A       100%        6
 Starburst                Conj/Fire      0%         6d3       100%        6
 Statue Form              Tmut/Erth      0%         N/A       100%        6
 Enfeeble                 Hex            5%         N/A       100%        7
 Malign Gateway           Summ/Tloc      9%         N/A       100%        7
 Ozocubu's Refrigeration  Ice            0%         4d7       100%        7
 Spellforged Servitor     Conj/Summ      0%         N/A       100%        7
 Storm Form               Tmut/Air       0%         N/A       100%        7
 Maxwell's Capacitive Co  Air            0%         ∞         100%        8
 Summon Horrible Things   Summ           0%         N/A       100%        8
 Chain Lightning          Conj/Air       0%         2d1       100%        9
 Fire Storm               Conj/Fire      0%         6d1       100%        9
 Shatter                  Erth           0%         3d5*      100%        9


Dungeon Overview and Level Annotations

Branches:
Dungeon (15/15)            Temple (1/1) D:6            Lair (5/5) D:11
 Shoals (4/4) Lair:3        Snake (4/4) Lair:3        Slime (0/5) Lair:4
    Orc (2/2) D:11            Elf (3/3) Orc:2        Vaults (5/5) D:13
  Crypt (0/3) Vaults:2     Depths (4/4) D:15            Zot (5/5) Depths:4
  IceCv (visited)          WizLab (visited)

Altars:
Ashenzari
Cheibriados
Dithmenos
Elyvilon
Fedhas
Gozag
Hepliaklqana
Kikubaaqudgha
Makhleb
Nemelex Xobeh
Okawaru
Ru
Uskayaw
Vehumet
Wu Jian
Yredelemnul
Zin
The Shining One
Jiyva

Shops:
D:3 [   D:5 !   D:7 *   D:9 ?   Orc:1 *   Orc:2 [(:?   Elf:2 [   Snake:1 (
Snake:2 *?!   Snake:4 ([   Vaults:1 *   Vaults:5 :!!=!!(!!!!   Depths:1 =*[!
Depths:2 ?

Portals:
Hell: Depths:1 Depths:2 Depths:3 Depths:4
Abyss: Depths:3
Pandemonium: Depths:2 Depths:4
Ziggurat: Depths:1

Annotations:
D:13 exclusion: downstairs
Lair:4 exclusion: downstairs
Elf:2 3 runed translucent doors
Elf:3 3 runed translucent doors


Innate Abilities, Weirdness & Mutations

Your life essence is reduced to manifest your ancestor. (-10% HP)
Your serpentine skin is tough. (AC +9)
You have supernaturally acute eyesight. (SInv)
Armour fits poorly on your strangely shaped body.
Your system is resistant to poisons. (rPois)
You cover ground very slowly.
You can spit poison.
You can use your snake-like lower body to constrict enemies.
You have a pair of small antennae on your head.
You are partially covered in large bone plates. (SH +4)
You are weak. (Str -2)
You passively dampen the noise of your surroundings.


Message History

What level of the Dungeon? (default 1, ? - help)
A ynoxinul comes into view.
You shoot a bolt. The bolt hits the ynoxinul!
The bolt freezes the ynoxinul.
You shoot a bolt. The bolt closely misses the ynoxinul.
The ynoxinul gestures.
You shoot a bolt. The bolt hits the ufetubus!!!
You kill the ufetubus!
The ufetubus disappears in a puff of smoke!
The ynoxinul gestures.
You shoot a bolt. The bolt barely misses the ufetubus.
You shoot a bolt. The bolt hits the ufetubus!
The bolt freezes the ufetubus.
You kill the ufetubus!
The ufetubus disappears in a puff of smoke!
You shoot a bolt. The bolt hits the ufetubus!!!
The bolt freezes the ufetubus.
You kill the ufetubus!
The ufetubus disappears in a puff of smoke!
Edmée mumbles some strange words.
Edmée seems to speed up.
Edmée hits the ynoxinul with a +0 broad axe of speed!!
The ynoxinul dies!
No target in view!
No target in view!
(D) Dungeon (T) Temple (L) Lair (A) Shoals (P) Snake Pit (M) Slime Pits (O) Orcish Mines (E) Elven Halls (V) Vaults (C) Crypt (U) Depths (H) Hell (Z) Zot
Where to? (Enter - D:1 @ (x,y), ? - help)
There is a stone staircase leading up here.
You fly upwards.
There is a stone staircase leading down here.
There is a stone staircase leading up here.
You fly upwards.
There is a stone staircase leading down here.
There is an open door here.
Edmée is no longer moving quickly.
There is a stone staircase leading up here.
You fly upwards.
There is a stone staircase leading down here.
There is a staircase leading out of the dungeon here.
You have escaped!

#.................# #....
#.###############.####....
#.#.............#........(
#.#.....†.......#..###.... #.#
.....†......#.## ####.
#.#######†#######.# #....
#.#.......R.....#.# #....
#.+⌠....###....⌠'.####...#
#.#......@......#.#.......
########.#..⌠...>R..⌠..#.........
.......#.###'#######'###.#.......
.#####.#.................####....
.##.........#.......#...## #....
.##.##.#.##.#..#.##.##...## #....
.......#.##.#..#.#........# ###))
.##.#..#.........#).##...## #..
.#..#..######.#...).....### #..


You could see the friendly Edmée the knight (reflecting).

Vanquished Creatures
  2 dread liches (Zot:5)
  An ancient lich (Zot:5)
  An orb of fire (Zot:5)
  Frederick (Depths:3)
  Bai Suzhen (D:15)
  Vashnia (Snake:4)
  6 Killer Klowns
  3 curse toes
  4 caustic shrikes (Depths:4)
  4 golden dragons
  Nikola (Vaults:1)
  A bone dragon (Depths:4)
  The ghost of Waeduil the Severer, an adept DsBe of Trog (Elf:3)
  2 electric golems
  Jorgrun (Orc:2)
  7 tentacled monstrosities
  16 Orb Guardians (Zot:5)
  A lich (Depths:2)
  2 deep elf blademasters (Elf:3)
  A titan (Vaults:5)
  7 quicksilver dragons
  Polyphemus (Shoals:4)
  3 sphinxes
  3 krakens (Shoals:3)
  Kirke (Lair:4)
  2 tengu reavers (Vaults:5)
  A death cob (Zot:1)
  An eldritch tentacle (WizLab)
  8 shadow dragons
  12 storm dragons
  4 draconian monks
  3 frost giants
  Donald (Vaults:1)
  A fire giant (shapeshifter) (Vaults:5)
  7 fire giants
  8 nagarajas
  5 draconian knights
  16 vault wardens
  A deep elf sorcerer (Elf:3)
  7 ghost moths
  A deep elf elementalist (Elf:3)
  6 draconian scorchers
  Louise (Depths:3)
  2 orc warlords
  5 draconian shifters
  2 balrugs
  12 draconian stormcallers
  15 ironbound preservers
  A reaper (IceCv)
  4 war gargoyles
  7 ironbound thunderhulks
  12 stone giants
  A demonspawn blood saint (Zot:5)
  4 draconian annihilators
  16 very ugly things
  2 vampire knights
  4 black draconians
  Nessos (D:15)
  2 deep elf demonologists (Elf:1)
  11 red draconians
  3 green draconians
  3 deep elf annihilators
  5 dire elephants
  12 white draconians
  9 yellow draconians
  Azrael (D:15)
  7 spark wasps
  6 purple draconians
  A minotaur (Shoals:4)
  7 ettins
  4 deep elf death magi
  An eidolon (WizLab)
  3 merfolk impalers
  3 crystal guardians
  4 merfolk javelineers
  2 deep elf high priests (Elf:3)
  An entropy weaver (Vaults:3)
  2 great orbs of eyes
  4 ice dragons
  8 fire dragons
  10 yaktaur captains
  21 vault guards
  3 peacekeepers
  2 rakshasas
  A spriggan air mage (Depths:3)
  2 merfolk avatars
  5 anacondas
  4 caustic shrike simulacra (IceCv)
  2 ogre magi
  3 boulder beetles
  A hydra (shapeshifter) (Vaults:5)
  3 salamander tyrants (Snake:4)
  3 hydras
  2 catoblepae
  11 centaur warriors
  11 satyrs
  5 naga warriors
  7 ironbound frosthearts
  4 two-headed ogres
  2 alligator snapping turtles
  7 dancing weapons
  4 deep troll shamans
  11 death yaks
  4 deep troll earth magi
  6 tengu warriors
  Urug (Lair:5)
  6 shock serpents
  A shock serpent (shapeshifter) (Depths:3)
  2 vampire magi
  An orc high priest (Orc:2)
  3 sun demons
  17 naga sharpshooters
  8 hell knights
  5 spriggan berserkers
  7 deep elf knights
  A sixfirhy (Zot:4)
  3 skysharks
  A soul eater (D:10)
  Amaemon (Lair:1)
  4 iron trolls (Depths:2)
  5 salamander mystics
  4 glowing orange brains
  35 deep trolls
  A storm dragon skeleton (D:15)
  A flayed ghost (D:15)
  5 skeletal warriors
  10 lindwurms
  14 ironbound convokers
  3 phantasmal warriors
  9 sea snakes
  7 wizards
  11 orc knights
  2 obsidian statues
  6 deep elf archers
  5 naga ritualists
  11 harpies
  21 deep elf zephyrmancers
  22 deep elf pyromancers
  5 necromancers (Depths:4)
  30 ugly things
  6 orc sorcerers
  A manticore (shapeshifter) (Elf:3)
  12 manticores
  A stone giant zombie (D:15)
  A fire giant zombie (D:15)
  14 fauns
  A worldbinder (WizLab)
  16 moths of wrath
  6 cyclopes
  7 mana vipers
  6 oklob plants
  A frost giant zombie (D:15)
  12 salamanders
  28 black mambas
  4 merfolk sirens
  19 naga magi
  3 water nymphs
  A torpor snail (Lair:2)
  An ice statue (Shoals:2)
  A black mamba (shapeshifter) (D:14)
  15 vault sentinels
  Joseph (D:7)
  A gargoyle (D:11)
  A molten gargoyle (Lair:5)
  A guardian serpent (WizLab)
  A smoke demon (Depths:2)
  3 unseen horror zombies (D:9)
  3 centaur skeletons (D:13)
  An unseen horror (shapeshifter) (D:13)
  A hellion (D:8)
  8 cane toads
  2 unseen horrors
  2 kobold demonologists
  7 freezing wraiths
  13 komodo dragons
  2 ice devils
  An anaconda simulacrum (IceCv)
  2 efreet
  29 yaktaurs
  A tengu conjurer (D:15)
  A golden dragon simulacrum (IceCv)
  A queen bee (D:14)
  4 trolls
  12 merfolk
  2 meliai (D:14)
  2 large abominations (WizLab)
  A polar bear (Lair:4)
  2 hellwings
  6 wind drakes
  18 blink frogs
  7 snapping turtles
  11 dream sheep
  2 jumping spiders (shapeshifter)
  A ynoxinul (Depths:2)
  19 slime creatures
  5 air elementals
  3 wyverns
  48 yaks
  15 water elementals
  6 wraiths
  4 vampires
  3 shadows
  6 fire elementals
  2 steam dragons
  A hog (Lair:4)
  2 golden eyes (Zot:4)
  7 basilisks
  A neqoxec (D:6)
  A minotaur simulacrum (IceCv)
  3 spatial vortices (WizLab)
  A redback (shapeshifter) (Vaults:5)
  40 nagas
  5 wargs
  An acid dragon (D:12)
  A floating eye (Depths:2)
  14 water moccasins
  4 hydra simulacra (IceCv)
  4 hell hounds
  22 orc warriors
  3 black bears
  2 ice beasts
  10 centaurs
  4 ogres
  A boggart (Vaults:1)
  A phantom (D:6)
  2 necrophages (D:9)
  A gnoll sergeant (D:7)
  5 kobold brigands
  3 earth elementals
  9 bullfrogs
  A deep troll simulacrum (IceCv)
  A scorpion (D:5)
  18 wights
  A small abomination (WizLab)
  16 killer bees
  10 electric eels
  6 howler monkeys
  3 lava snakes (Lair:5)
  2 centaur zombies (D:9)
  A human zombie (D:9)
  4 jellies
  25 orc priests
  A gnoll bouda (D:6)
  2 iguanas
  28 orc wizards
  A boggart skeleton (D:13)
  A mummy (D:9)
  A howler monkey zombie (D:9)
  Robin (D:3)
  16 gnolls
  8 adders
  2 shadow imps
  A white imp (WizLab)
  2 ufetubi
  A worm (D:3)
  3 dart slugs
  83 orcs
  6 ball pythons
  8 endoplasms
  6 giant cockroaches
  16 goblins
  8 hobgoblins
  6 jackals
  5 quokkas
  3 bats
  3 frilled lizards
  19 kobolds
  6 rats
  A lurking horror (WizLab)
  7 tentacles
1644 creatures vanquished.

Vanquished Creatures (collateral kills)
  3 dread liches (Zot:5)
  2 ancient liches
  2 orbs of fire (Zot:5)
  Mara (Depths:1)
  Saint Roka (Vaults:1)
  A caustic shrike (Depths:4)
  A curse toe (Zot:5)
  2 golden dragons
  Rupert (D:15)
  An electric golem (Zot:5)
  2 tentacled monstrosities
  10 Orb Guardians (Zot:5)
  Zenata (Elf:3)
  4 titans
  3 quicksilver dragons
  2 sphinxes
  3 krakens
  5 death cobs
  A tentacled starspawn (WizLab)
  3 shadow dragons
  2 tengu reavers (Vaults:5)
  A nagaraja (Snake:4)
  6 storm dragons
  A daeva (Depths:1)
  2 draconian monks
  A ghost moth (Zot:5)
  2 fire giants
  7 vault wardens
  4 deep elf sorcerers
  A cacodemon (Zot:4)
  2 draconian shifters
  2 draconian annihilators
  3 draconian scorchers
  6 deep elf elementalists
  5 draconian stormcallers
  A reaper (IceCv)
  8 ironbound preservers
  5 stone giants
  5 ironbound thunderhulks
  A war gargoyle (Vaults:3)
  8 very ugly things
  2 deep elf demonologists
  3 green draconians
  A vampire knight (Depths:3)
  2 spark wasps
  6 white draconians
  6 deep elf annihilators
  3 black draconians
  2 minotaurs (Shoals:4)
  3 dire elephants
  8 yellow draconians
  2 red draconians
  6 purple draconians
  2 ettins
  3 blizzard demons
  Snorg (Orc:2)
  A deep elf death mage (Elf:3)
  2 great orbs of eyes
  A merfolk impaler (Shoals:3)
  3 deep elf high priests
  4 fire dragons
  Josephine (Lair:4)
  3 yaktaur captains
  A caustic shrike simulacrum (IceCv)
  2 ice dragons
  17 vault guards
  4 rakshasas
  3 hydras (Lair:5)
  A merfolk avatar (Shoals:4)
  5 ironbound frosthearts
  A catoblepas (Lair:5)
  9 centaur warriors
  A salamander tyrant (Snake:1)
  3 satyrs (Shoals:4)
  4 dancing weapons
  2 tengu warriors
  A boulder beetle (D:14)
  A deep troll earth mage (Depths:1)
  4 two-headed ogres
  3 naga warriors
  2 naga sharpshooters
  5 death yaks
  A spriggan berserker (Depths:3)
  2 orc high priests (Orc:2)
  2 shock serpents
  6 deep elf knights
  A skyshark (Shoals:2)
  3 sixfirhies
  A sun demon (D:5)
  A shadow wraith (WizLab)
  A skeletal warrior (D:15)
  A shadow demon (Zot:1)
  17 deep trolls
  An obsidian statue (IceCv)
  7 sea snakes
  A glowing orange brain (Depths:3)
  A flayed ghost (Depths:1)
  7 deep elf archers
  4 lindwurms
  A bog body (IceCv)
  2 wizards
  An anaconda skeleton (WizLab)
  7 harpies
  A phantasmal warrior (Vaults:5)
  5 ironbound convokers
  2 necromancers
  3 orc knights
  A mana viper (Snake:4)
  3 deep elf zephyrmancers
  2 orc sorcerers
  3 deep elf pyromancers
  6 manticores
  2 fauns
  A salamander (Snake:2)
  A worldbinder (WizLab)
  11 ugly things
  A cyclops (Shoals:3)
  2 naga magi
  3 moths of wrath (Zot:5)
  A guardian serpent (Snake:2)
  10 vault sentinels
  2 merfolk sirens (Shoals:1)
  9 black mambas
  An orange demon (Lair:1)
  An ice statue (Shoals:2)
  A cane toad (shapeshifter) (D:15)
  A smoke demon (Depths:3)
  A molten gargoyle (Lair:5)
  A gargoyle (D:14)
  3 cane toads
  3 freezing wraiths
  An unseen horror (D:12)
  8 yaktaurs
  A rime drake (Lair:2)
  A tengu conjurer (Depths:1)
  7 komodo dragons
  An ancient zyme (WizLab)
  A meliai (shapeshifter) (D:14)
  2 trolls
  A merfolk (Shoals:3)
  2 wind drakes
  A meliai (D:14)
  5 blink frogs
  9 slime creatures
  7 dream sheep
  A snapping turtle (Shoals:2)
  A wyvern (Lair:5)
  A vampire (D:14)
  A wraith (D:9)
  A ynoxinul (D:4)
  15 yaks
  2 hogs (Lair:4)
  An ettin skeleton (WizLab)
  A basilisk (Lair:5)
  A fire elemental (D:15)
  A steam dragon (Lair:5)
  3 spatial vortices (WizLab)
  9 nagas
  A hydra simulacrum (IceCv)
  3 hell hounds
  A water moccasin (Lair:4)
  7 orc warriors
  A boggart (D:13)
  3 ogres
  2 centaurs (D:14)
  2 kobold brigands (D:13)
  A deep troll simulacrum (IceCv)
  A gnoll sergeant (D:12)
  2 bullfrogs (Lair:2)
  3 wights (D:10)
  11 killer bees
  3 electric eels
  2 lava snakes (Lair:5)
  A howler monkey (D:13)
  3 orc priests
  4 orc wizards
  A worm (D:1)
  25 orcs
  3 endoplasms (D:1)
  4 jackals (D:1)
  3 training dummies (Snake:1)
  2 kobolds
  A rat (D:1)
  5 tentacles
585 creatures vanquished.

Vanquished Creatures (others)
  An eldritch tentacle (Elf:3)
  A fire giant (Vaults:5)
  A demonspawn blood saint (Zot:5)
  A stone giant (Vaults:5)
  A white draconian (Zot:3)
  A yaktaur captain (Vaults:2)
  A peacekeeper (Vaults:3)
  4 centaur warriors
  2 satyrs (Shoals:4)
  A deep elf knight (Elf:3)
  A phantasmal warrior (Vaults:5)
  An ironbound convoker (Vaults:5)
  A moth of wrath (Zot:5)
  A vault sentinel (Vaults:3)
  4 yaktaurs
  A centaur (Shoals:3)
  3 ancestors
  42 knights
  A bush (Lair:5)
  26 fungi
  168 plants
  2 starspawn tentacles (WizLab)
  24 tentacles
  11 toadstools (D:15)
  4 withered plants
304 creatures vanquished.

Grand Total: 2533 creatures vanquished

Notes
Turn   | Place    | Note
-------+----------+-------------------------------------------
     0 | D:1      | ragingrage the Naga Hunter began the quest for the Orb.
     0 | D:1      | Reached XP level 1. HP: 19/19 MP: 1/1
     1 | D:1      | Found a runed translucent door.
   219 | D:1      | Reached XP level 2. HP: 26/26 MP: 2/2
   559 | D:1      | Reached XP level 3. HP: 33/33 MP: 3/3
   997 | D:2      | Reached skill level 4 in Ranged Weapons
  1234 | D:2      | Reached XP level 4. HP: 24/40 MP: 4/4
  2045 | D:3      | Found Deast's Antique Armour Shop.
  2054 | D:3      | Reached skill level 5 in Ranged Weapons
  2055 | D:3      | Reached XP level 5. HP: 41/46 MP: 5/5
  2068 | D:3      | Noticed Robin
  2199 | D:3      | Killed Robin
  2703 | D:3      | Reached skill level 6 in Ranged Weapons
  2703 | D:3      | Reached XP level 6. HP: 54/54 MP: 6/6
  3181 | D:4      | Found a hide-covered altar of Uskayaw.
  3287 | D:3      | Bought a dyed leather armour for 125 gold pieces
  3783 | D:5      | Entered Level 5 of the Dungeon
  3838 | D:5      | Noticed an ice beast
  4245 | D:5      | Reached skill level 7 in Ranged Weapons
  4349 | D:5      | Reached XP level 7. HP: 61/61 MP: 7/7
  4372 | D:5      | Found Coovoo Katec's Distillery.
  4375 | D:5      | Bought a potion of lignification for 39 gold pieces
  5406 | D:6      | Reached skill level 8 in Ranged Weapons
  5667 | D:6      | Reached XP level 8. HP: 24/68 MP: 8/8
  5933 | D:6      | Found a staircase to the Ecumenical Temple.
  5955 | Temple   | Entered the Ecumenical Temple
  5989 | Temple   | Became a worshipper of Hepliaklqana the Forgotten
  6035 | D:6      | Reached skill level 9 in Ranged Weapons
  7274 | D:7      | Reached skill level 1 in Evocations
  7400 | D:7      | Noticed Joseph
  8454 | D:7      | Reached XP level 9. HP: 66/77 MP: 9/9
  8742 | D:7      | Reached skill level 10 in Ranged Weapons
  9093 | D:8      | Noticed a cyclops
  9106 | D:8      | Killed a cyclops
  9107 | D:8      | Reached skill level 11 in Ranged Weapons
  9242 | D:8      | Noticed a two-headed ogre
  9261 | D:8      | Killed a two-headed ogre
  9492 | D:8      | Reached skill level 12 in Ranged Weapons
  9729 | D:8      | Learned a level 2 spell: Blink
  9742 | D:8      | Reached XP level 10. HP: 54/85 MP: 10/10
 10211 | D:7      | Killed Joseph
 10509 | D:7      | Reached * piety under Hepliaklqana
 10510 | D:7      | Found a broken altar of Ashenzari.
 10597 | D:7      | Reached skill level 13 in Ranged Weapons
 10605 | D:7      | Found Houfemuim's Fire Supplies.
 10616 | D:7      | Bought a wand of flame (11) for 84 gold pieces
 10902 | D:9      | Noticed a two-headed ogre
 10937 | D:9      | Killed a two-headed ogre
 11040 | D:9      | Noticed a two-headed ogre
 11044 | D:9      | Killed a two-headed ogre
 11045 | D:9      | Reached skill level 14 in Ranged Weapons
 11226 | D:9      | Reached XP level 11. HP: 82/82 MP: 11/11
 11294 | D:9      | Noticed a two-headed ogre
 11300 | D:9      | Killed a two-headed ogre
 11301 | D:9      | Reached skill level 15 in Ranged Weapons
 11478 | D:9      | Found an ancient bone altar of Kikubaaqudgha.
 11610 | D:9      | Found Eroer's Magic Scroll Shop.
 11620 | D:9      | Bought a scroll of enchant armour for 75 gold pieces
 11620 | D:9      | Bought a scroll of butterflies for 40 gold pieces
 11620 | D:9      | Bought a scroll of teleportation for 30 gold pieces
 11632 | D:9      | Found a white marble altar of Elyvilon.
 11717 | D:9      | Found a sacrificial altar of Ru.
 11972 | D:10     | Entered Level 10 of the Dungeon
 12034 | D:10     | Found an iron altar of Okawaru.
 12273 | D:10     | Identified the +9 sling of Ystadd {heavy, rC+ rCorr}
 12285 | D:10     | Reached ** piety under Hepliaklqana
 12287 | D:10     | Remembered your ancestor Edmée as a knight
 12919 | D:11     | Reached skill level 1 in Armour
 13008 | D:11     | Noticed a death yak
 13010 | D:11     | Noticed a death yak
 13021 | D:11     | Noticed a death yak
 13022 | D:11     | Noticed a death yak
 13041 | D:10     | Killed a death yak
 13349 | D:11     | Noticed a manticore
 13354 | D:11     | Killed a manticore
 13355 | D:11     | Reached skill level 5 in Stealth
 13490 | D:11     | Noticed a cyclops
 13494 | D:11     | Killed a cyclops
 13495 | D:11     | Reached skill level 5 in Fighting
 13547 | D:11     | Found a staircase to the Lair.
 13551 | D:11     | Noticed a cyclops
 13552 | D:11     | Reached XP level 12. HP: 92/92 MP: 12/12
 13888 | D:11     | Found a staircase to the Orcish Mines.
 14679 | D:11     | Noticed a death yak
 14695 | D:11     | You fall into a shaft and drop 3 floors!
 14742 | D:14     | Reached skill level 5 in Evocations
 14798 | D:14     | Noticed a boulder beetle
 14941 | D:14     | Identified the +1 spear of the Scavenger {venom, rF+}
 14941 | D:14     | Noticed a centaur warrior
 14947 | D:14     | Killed a centaur warrior
 15190 | D:13     | Noticed a centaur warrior
 15627 | D:13     | Killed a centaur warrior
 15958 | D:13     | Reached skill level 5 in Armour
 15995 | D:13     | Noticed a two-headed ogre
 16004 | D:13     | Killed a two-headed ogre
 16005 | D:13     | Reached skill level 1 in Invocations
 16023 | D:13     | Noticed an ogre mage
 16027 | D:13     | Killed an ogre mage
 16275 | D:13     | Reached *** piety under Hepliaklqana
 16407 | D:13     | Found a gate to the Vaults.
 16482 | D:12     | Noticed a tengu warrior
 16490 | D:13     | Gained mutation: You can use your snake-like lower body to
                  | constrict enemies. [Naga growth]
 16490 | D:13     | Reached XP level 13. HP: 82/105 MP: 13/15
 17214 | D:11     | Reached skill level 5 in Dodging
 17287 | Lair:1   | Entered Level 1 of the Lair of Beasts
 17287 | Lair:1   | Reached **** piety under Hepliaklqana
 17307 | Lair:1   | Reached skill level 5 in Invocations
 17313 | Lair:1   | Noticed Amaemon
 17324 | Lair:1   | Killed Amaemon
 18137 | Lair:2   | Reached skill level 10 in Fighting
 18421 | Lair:2   | Reached XP level 14. HP: 119/119 MP: 17/17
 18548 | Lair:2   | Reached skill level 1 in Translocations
 18919 | Lair:2   | Reached ***** piety under Hepliaklqana
 19060 | Lair:3   | Found a staircase to the Snake Pit.
 19379 | Lair:3   | Found a staircase to the Shoals.
 19944 | Lair:4   | Identified the +7 spear of Favvaus {holy, rCorr SInv}
 19994 | Lair:4   | Found a staircase to the Slime Pits.
 20143 | Lair:5   | Entered Level 5 of the Lair of Beasts
 20193 | Lair:4   | Noticed Josephine
 20199 | Lair:4   | Killed Josephine
 20241 | Lair:4   | Noticed Kirke
 20256 | Lair:4   | Killed Kirke
 20257 | Lair:4   | Reached skill level 5 in Translocations
 20365 | Lair:4   | Found a viscous altar of Jiyva.
 20616 | Lair:4   | Got the Spellbook of the Weathered Gift
 20901 | Lair:5   | Noticed a dire elephant
 20910 | Lair:5   | Killed a dire elephant
 20964 | Lair:5   | Reached skill level 10 in Evocations
 21578 | Lair:5   | Reached XP level 15. HP: 107/126 MP: 21/21
 22329 | Lair:5   | Reached skill level 16 in Ranged Weapons
 22413 | Lair:5   | Noticed Urug
 22424 | Lair:5   | Killed Urug
 22441 | Lair:5   | Found a large runed translucent door.
 22442 | Lair:5   | Found a large runed translucent door.
 22988 | Orc:1    | Entered Level 1 of the Orcish Mines
 23047 | Orc:1    | You fall into a shaft and drop 1 floor!
 23047 | Orc:2    | Entered Level 2 of the Orcish Mines
 23072 | Orc:2    | Noticed Jorgrun
 23080 | Orc:2    | Killed Jorgrun
 23163 | Orc:2    | Noticed Snorg
 23168 | Orc:2    | Killed Snorg
 23570 | Orc:1    | Found Ejeidus's General Store.
 23574 | Orc:1    | Bought a scroll of teleportation for 48 gold pieces
 23726 | Orc:2    | Found a staircase to the Elven Halls.
 23799 | Orc:2    | Reached skill level 1 in Spellcasting
 24101 | Orc:2    | Found Bisoset's Antique Armour Shoppe.
 24101 | Orc:2    | Found Giosib's Magic Scroll Boutique.
 24105 | Orc:2    | Found Tasesay's Antique Weapon Shoppe.
 24105 | Orc:2    | Found Woframot's Book Boutique.
 24116 | Orc:2    | Bought a pair of faintly glowing gloves for 323 gold pieces
 24116 | Orc:2    | Identified the +2 pair of gloves "Akuthraw" {rF+ rC+ Regen+
                  | Int-4} (You bought it in a shop on level 2 of the Orcish
                  | Mines)
 24132 | Orc:2    | Bought a glowing cloak for 255 gold pieces
 24154 | Orc:2    | Bought a scroll of enchant weapon for 90 gold pieces
 24154 | Orc:2    | Bought a scroll of fear for 48 gold pieces
 24154 | Orc:2    | Bought a scroll of poison for 48 gold pieces
 24796 | D:14     | Identified the +3 cloak "Gyceiv" {Dex+3 Stlth+}
 24814 | D:14     | Reached XP level 16. HP: 135/135 MP: 22/22
 25092 | D:14     | Reached skill level 17 in Ranged Weapons
 25377 | D:14     | Found a sparkling altar of Nemelex Xobeh.
 25591 | D:15     | Entered Level 15 of the Dungeon
 25669 | D:15     | Noticed Azrael
 25671 | D:15     | Noticed Nessos
 25676 | D:15     | Killed Azrael
 25676 | D:15     | Killed Nessos
 25677 | D:15     | Reached skill level 10 in Armour
 25769 | D:15     | Found a staircase to the Depths.
 25798 | D:15     | Reached ****** piety under Hepliaklqana
 25932 | D:15     | Noticed Rupert
 25944 | D:15     | Killed Rupert
 26268 | D:15     | Found a blossoming altar of Fedhas.
 27071 | Snake:1  | Entered Level 1 of the Snake Pit
 27263 | Snake:1  | Found Zilakean's Firing Range.
 27268 | Snake:1  | Bought a throwing net for 54 gold pieces
 27268 | Snake:1  | Bought a throwing net for 54 gold pieces
 27268 | Snake:1  | Bought a +0 hand crossbow for 63 gold pieces
 27293 | Snake:1  | Reached skill level 18 in Ranged Weapons
 27992 | Snake:2  | Reached skill level 1 in Shields
 27992 | Snake:2  | Reached XP level 17. HP: 141/141 MP: 23/23
 29078 | Snake:2  | Reached skill level 5 in Shields
 29430 | Snake:2  | Found Awus's General Store.
 29430 | Snake:2  | Found Zeacaoz's Magic Scroll Boutique.
 29434 | Snake:2  | Found Unwed's Distillery.
 29438 | Snake:2  | Bought a potion of cancellation for 80 gold pieces
 29440 | Snake:2  | Bought a wand of iceblast (4) for 96 gold pieces
 29444 | Snake:2  | Bought a scroll of fear for 72 gold pieces
 29446 | Snake:2  | Bought a potion of haste for 130 gold pieces
 29446 | Snake:2  | Bought a potion of heal wounds for 65 gold pieces
 29870 | Snake:3  | Identified the +4 quarterstaff of Jistreana {drain, Fragile
                  | rElec Dex+9}
 30284 | Snake:4  | Entered Level 4 of the Snake Pit
 30315 | Snake:4  | Noticed Vashnia
 30351 | Snake:4  | Killed Vashnia
 30519 | Snake:4  | Reached XP level 18. HP: 146/151 MP: 24/24
 30573 | Snake:4  | Found Xenoul Ludy's Antique Armour Boutique.
 30573 | Snake:4  | Found Guevar's Weapon Shop.
 30596 | Snake:4  | Bought a smelly ring mail for 324 gold pieces
 30596 | Snake:4  | Identified the +4 ring mail "Reojag" {Contam rElec rCorr
                  | Int+5} (You bought it in a shop on level 4 of the Snake
                  | Pit)
 31058 | Snake:4  | Got a serpentine rune of Zot
 31179 | Snake:4  | Found a burning altar of Makhleb.
 31431 | Shoals:1 | Entered Level 1 of the Shoals
 32482 | Shoals:2 | Found a frozen archway.
 32520 | IceCv    | Entered an ice cave
 32550 | IceCv    | Reached skill level 10 in Stealth
 33450 | Shoals:2 | Identified the +4 battleaxe of Aneskax {flame, Will+ MP+9}
 33646 | Shoals:2 | Reached XP level 19. HP: 157/157 MP: 26/26
 34137 | Shoals:3 | Reached skill level 10 in Invocations
 34320 | Shoals:3 | Reached skill level 10 in Shields
 34784 | Shoals:4 | Entered Level 4 of the Shoals
 34855 | Shoals:4 | Noticed Polyphemus
 34869 | Shoals:4 | Killed Polyphemus
 35269 | Shoals:4 | Got a barnacled rune of Zot
 35271 | Shoals:4 | Identified the ring of the Hero {rElec rF+ Will+ Slay+3}
 35479 | Shoals:4 | Identified the +8 falchion of the Growing Scavenger {heavy,
                  | Int+4 SInv Stlth+}
 35485 | Shoals:4 | Identified the +2 leather armour of Miomugh {*Slow rElec
                  | Str+3 Dex+3}
 35987 | Elf:1    | Entered Level 1 of the Elven Halls
 36023 | Elf:1    | Noticed a Tzitzimitl
 36196 | Elf:1    | Found a magical portal.
 36215 | WizLab   | Entered The Roulette of Golubria
 36215 | WizLab   | Found a transporter.
 36218 | WizLab   | Found a corrupted altar of Lugonu.
 36262 | WizLab   | Found a transporter.
 36320 | WizLab   | Found a transporter.
 36352 | WizLab   | Found a transporter.
 36361 | WizLab   | Found a transporter.
 36366 | WizLab   | Found a transporter.
 36407 | WizLab   | Found the +2 cloak of the Thief {*Fog Slay-2 SInv Stlth+}
 36434 | WizLab   | Found a transporter.
 36465 | WizLab   | Found a transporter.
 36525 | WizLab   | Found a transporter.
 36525 | WizLab   | Found a corrupted altar of Lugonu.
 36528 | WizLab   | Got the Opusculum on the Voyage
 36588 | WizLab   | Found a transporter.
 36610 | WizLab   | Found a transporter.
 36666 | WizLab   | Found a transporter.
 36726 | WizLab   | Identified the +2 cloak of Matiy {rF++ Will- Stlth+}
 36731 | WizLab   | Found a transporter.
 36731 | WizLab   | Found a transporter.
 36741 | WizLab   | Identified the ring of Gaghe {Fly rC+ Slay+2 SInv}
 36749 | WizLab   | Identified the +0 cloak of Hifeuj {rC++ Dex+3}
 36754 | WizLab   | Identified the ring of Feghal {Fly rN+ Slay+4}
 36779 | WizLab   | Found a transporter.
 36788 | WizLab   | Reached XP level 20. HP: 172/172 MP: 27/27
 36807 | WizLab   | Found a transporter.
 36930 | WizLab   | Found a transporter.
 36930 | WizLab   | Found a transporter.
 36951 | WizLab   | Found a corrupted altar of Lugonu.
 36993 | WizLab   | Found a transporter.
 36993 | WizLab   | Found a transporter.
 37241 | Elf:1    | Reached skill level 15 in Fighting
 37575 | Elf:2    | Paralysed by an air elemental for 1 turns
 37579 | Elf:2    | Paralysed by an air elemental for 1 turns
 37610 | Elf:2    | Paralysed by an air elemental for 1 turns
 37878 | Elf:2    | Found Girua's Antique Armour Emporium.
 38133 | Elf:2    | Found a runed translucent gate.
 38134 | Elf:2    | Found a runed translucent gate.
 38134 | Elf:2    | Found a runed translucent gate.
 38348 | Elf:3    | Entered Level 3 of the Elven Halls
 38851 | Elf:3    | Found a radiant altar of Vehumet.
 39416 | Elf:3    | Noticed Zenata
 39420 | Elf:3    | Killed Zenata
 39498 | Elf:3    | Identified the +10 trident "Kuwobaph" {freeze, rPois Str+2}
 39498 | Elf:3    | Identified the ring "Uggefont" {rF+ rC+ MP+9}
 39558 | Elf:3    | Identified the +0 plate armour of the Coconut {rC+ rN+
                  | Int-2 Dex+3}
 39564 | Elf:3    | Identified the ring "Ecko" {rCorr AC+4 Int+4 Stlth+}
 39781 | Elf:3    | Identified the +0 chain mail "Icurch" {*Corrode rN+ Str+3
                  | Int+2}
 39868 | Elf:3    | Found a runed translucent gate.
 39868 | Elf:3    | Found a runed translucent gate.
 39868 | Elf:3    | Found a runed translucent gate.
 39932 | Elf:3    | Found a runed translucent gate.
 39932 | Elf:3    | Found a runed translucent gate.
 39932 | Elf:3    | Found a runed translucent gate.
 39933 | Elf:3    | Noticed Waeduil's ghost (adept DsBe)
 40786 | Vaults:1 | Entered Level 1 of the Vaults
 40918 | Vaults:1 | Found the +18 shield of the Gong {Loud rN+ Will+ rCorr
                  | EV-5}
 41000 | Vaults:1 | Reached XP level 21. HP: 170/184 MP: 28/28
 41010 | Vaults:1 | Reached skill level 15 in Shields
 41029 | Vaults:1 | Noticed Donald
 41039 | Vaults:1 | Killed Donald
 41252 | Vaults:1 | Noticed Nikola
 41268 | Vaults:1 | Killed Nikola
 41286 | Vaults:1 | Noticed Saint Roka
 41300 | Vaults:1 | Killed Saint Roka
 41640 | Vaults:1 | Found Urryqius's General Store.
 42082 | Vaults:2 | You are sucked into a shaft and drop 2 floors!
 42092 | Vaults:4 | Paralysed by a sphinx for 2 turns
 42136 | Vaults:4 | Learned a level 3 spell: Portal Projectile
 42237 | Vaults:4 | Reached skill level 1 in Hexes
 42804 | Vaults:4 | Identified a scroll of acquirement
 43055 | Vaults:3 | Reached XP level 22. HP: 192/195 MP: 29/29
 43059 | Vaults:4 | Acquired a +2 barding of fire resistance
 43425 | Vaults:3 | Reached skill level 15 in Evocations
 43546 | Vaults:3 | Identified the orb of the Earth {guile, rF++ Str+3}
 44685 | Vaults:2 | Reached skill level 10 in Dodging
 44806 | Vaults:2 | Reached XP level 23. HP: 205/205 MP: 30/30
 44964 | Vaults:2 | Found a staircase to the Crypt.
 45653 | Vaults:5 | Entered Level 5 of the Vaults
 46569 | Vaults:5 | Found Sirizocw's Jewellery Shoppe.
 46574 | Vaults:5 | Found Riokorch's Distillery.
 46585 | Vaults:5 | Noticed an ancient lich
 46593 | Vaults:5 | Killed an ancient lich
 46607 | Vaults:5 | Found Epreaz's Weapon Boutique.
 46627 | Vaults:5 | Bought 2 potions of heal wounds for 220 gold pieces
 46643 | Vaults:5 | Found Nywosta's Distillery.
 46674 | Vaults:5 | Found Vuinaego's Distillery.
 46680 | Vaults:5 | Bought a potion of haste for 200 gold pieces
 46948 | Vaults:5 | Found Opseesimn's Book Shoppe.
 47095 | Vaults:5 | Reached skill level 15 in Stealth
 47126 | Vaults:5 | Reached XP level 24. HP: 192/211 MP: 31/31
 47138 | Vaults:5 | Got a silver rune of Zot
 47146 | Vaults:5 | Found Daonoes's Distillery.
 47146 | Vaults:5 | Found Enit's Distillery.
 47151 | Vaults:5 | Bought a potion of heal wounds for 115 gold pieces
 47151 | Vaults:5 | Bought a potion of heal wounds for 115 gold pieces
 47151 | Vaults:5 | Bought a potion of invisibility for 184 gold pieces
 47158 | Vaults:5 | Bought a potion of haste for 190 gold pieces
 47206 | Vaults:5 | Found Guaxt's Distillery.
 47211 | Vaults:5 | Bought a potion of heal wounds for 110 gold pieces
 47232 | Vaults:5 | Found Ramu's Distillery.
 47237 | Vaults:5 | Bought a potion of resistance for 190 gold pieces
 47244 | Vaults:5 | Found Dimafali's Distillery.
 47249 | Vaults:5 | Bought a potion of heal wounds for 80 gold pieces
 47705 | Depths:1 | Entered Level 1 of the Depths
 47705 | Depths:1 | Found a basalt altar of Yredelemnul.
 47947 | Depths:1 | Noticed Bai Suzhen
 47973 | D:15     | Killed Bai Suzhen
 48082 | Depths:1 | Found Buxzoime's Distillery.
 48140 | Depths:1 | Found Gahitazo's General Store.
 48156 | Depths:1 | Bought a scroll of teleportation for 54 gold pieces
 48198 | Depths:1 | Found Ejazaw's Jewellery Boutique.
 48219 | Depths:1 | Found Reqyew Waant's Antique Armour Boutique.
 48244 | Depths:1 | Found a one-way gateway to a ziggurat.
 48346 | Depths:1 | Noticed Mara
 48353 | Depths:1 | Killed Mara
 48427 | Depths:1 | Found a gateway to Hell.
 48437 | Depths:1 | Got the Guidebook on Impurities
 48513 | Depths:2 | Found Doinaytt's Magic Scroll Shoppe.
 48524 | Depths:2 | Bought a scroll of fear for 64 gold pieces
 48524 | Depths:2 | Bought a scroll of enchant weapon for 120 gold pieces
 48833 | Depths:2 | Got the +1 demon trident "Maudd" {elec, Fragile Dex+4}
 49219 | Depths:2 | Found a one-way gate leading to the halls of Pandemonium.
 49591 | Depths:3 | Found a one-way gate to the infinite horrors of the Abyss.
 49595 | Depths:3 | Noticed Louise
 49603 | Depths:3 | Killed Louise
 49695 | Depths:3 | Noticed Frederick
 49704 | Depths:3 | Killed Frederick
 50045 | Depths:3 | Reached skill level 1 in Short Blades
 51164 | Elf:3    | Gained mutation: You occasionally lose the ability to drink
                  | potions when taking damage. [mutagenic glow]
 51175 | Elf:3    | Gained mutation: You are weak. (Str -2) [mutagenic glow]
 51399 | Elf:3    | Killed Waeduil's ghost
 51436 | Elf:3    | Identified the +2 hat "Ugoahu Moto" {rElec rPois}
 51545 | Elf:3    | Lost mutation: You occasionally lose the ability to drink
                  | potions when taking damage. [potion of mutation]
 51545 | Elf:3    | Lost mutation: You are weak. (Str -2) [potion of mutation]
 51545 | Elf:3    | Gained mutation: You have a pair of small antennae on your
                  | head. [potion of mutation]
 51545 | Elf:3    | Gained mutation: You are partially covered in large bone
                  | plates. (SH +4) [potion of mutation]
 51545 | Elf:3    | Gained mutation: You are weak. (Str -2) [potion of
                  | mutation]
 51545 | Elf:3    | Gained mutation: You passively dampen the noise of your
                  | surroundings. [potion of mutation]
 51836 | Depths:4 | Entered Level 4 of the Depths
 51846 | Depths:4 | Reached XP level 25. HP: 219/219 MP: 32/32
 52083 | Depths:4 | Found a gate to the Realm of Zot.
 52338 | Depths:4 | Reached skill level 19 in Ranged Weapons
 52598 | Depths:4 | Reached skill level 15 in Armour
 52951 | Depths:4 | Found a hazy altar of Hepliaklqana.
 53252 | Zot:1    | Entered Level 1 of the Realm of Zot
 53296 | Zot:1    | Learned a level 4 spell: Passage of Golubria
 53343 | Zot:1    | Identified the +7 plate armour of Greed {Fly Dex+3 Slay+2}
 55297 | Zot:2    | Reached skill level 10 in Translocations
 55666 | Zot:2    | Identified the +0 leather armour of Abstinence {rPois Str-4
                  | Int+4}
 55870 | Zot:3    | Identified the +1 great sword "Ryania" {flame, rElec Str-5
                  | Dex+3}
 55980 | Zot:3    | Reached XP level 26. HP: 220/221 MP: 32/32
 56069 | Zot:3    | Learned a level 6 spell: Dispersal
 56390 | Zot:2    | Noticed a Killer Klown
 56396 | Zot:2    | Killed a Killer Klown
 56971 | Zot:4    | Noticed a Killer Klown
 56978 | Zot:3    | Killed a Killer Klown
 58147 | Zot:4    | Noticed a Killer Klown
 58162 | Zot:4    | Killed a Killer Klown
 59131 | Zot:5    | Entered Level 5 of the Realm of Zot
 59300 | Zot:5    | Learned a level 2 spell: Passwall
 59940 | Zot:5    | Noticed a dread lich
 59946 | Zot:5    | Killed a dread lich
 60711 | Zot:5    | Reached XP level 27. HP: 227/234 MP: 32/32
 60863 | Zot:5    | Noticed an ancient lich
 60868 | Zot:5    | Killed an ancient lich
 60875 | Zot:5    | Noticed a dread lich
 60880 | Zot:5    | Killed a dread lich
 61076 | Zot:5    | Noticed an ancient lich
 61076 | Zot:5    | Noticed an orb of fire
 61080 | Zot:5    | Noticed a dread lich
 61092 | Zot:5    | Killed an orb of fire
 61092 | Zot:5    | Killed a dread lich
 61098 | Zot:5    | Killed an ancient lich
 61486 | Zot:5    | Noticed an orb of fire
 61491 | Zot:5    | Killed an orb of fire
 61740 | Zot:5    | Noticed a dread lich
 61745 | Zot:5    | Killed a dread lich
 61802 | Zot:5    | Noticed a dread lich
 61809 | Zot:5    | Killed a dread lich
 61813 | Zot:5    | Noticed an orb of fire
 61821 | Zot:5    | Killed an orb of fire
 62089 | Zot:5    | Got the Orb of Zot
 62697 | D:$      | Escaped with the Orb!

Illustrated notes

Levels and vault maps discovered:
D:1:      dpeg_arrival_caged_fury, layout_loops_cross
D:2:      minmay_chambers_of_ones, layout_basic, kennysheep_generic_room_15
D:3:      layout_loops_ring, serial_shops, shop, uniq_robin
D:4:      layout_loops_ring, eat_drink_and_be_merry_uskayaw, wad_woods_river_04
D:5:      layout_basic, serial_shops, nicolae_shop_tiny_real_fake_doors
D:6:      layout_rooms, temple_fountains
D:7:      layout_cave_pools, mainiacjoe_overflow_six_doors_small, minivault_5,
          nicolae_shop_fire_sale [nicolae_sub_dead_trees], uniq_joseph
D:8:      layout_loops_ring
D:9:      layout_loops_ring, lemuel_mausoleum_altar_kikubaaqudgha,
          mainiacjoe_overflow_large_starburst, serial_shops,
          nicolae_shop_getting_attention
D:10:     layout_roguey, overflow_temple_1_default
D:11:     layout_gridville, dpeg_lair_monsters, david_orc_5, serial_bayou,
          serial_bayou_pond_e, serial_bayou_pond_b, serial_bayou_pond_c,
          serial_bayou_ford_a
D:12:     layout_irregular_city
D:13:     layout_big_octagon, hangedman_vaults_entry_quadrant_bands, hex_large,
          minmay_misc_feat_tiny
D:14:     layout_roguey [special_room_bee], serial_aquarium,
          aquarium_bridge_straight [aquarium_subvault_bridge,
          aquarium_subvault_balcony, aquarium_subvault_bridge,
          aquarium_subvault_wall], aquarium_bridge_island_large
          [aquarium_subvault_large_open, aquarium_subvault_bridge,
          aquarium_subvault_wall, aquarium_subvault_wall,
          aquarium_subvault_wall], aquarium_window_corridor_3,
          aquarium_window_fake, aquarium_view_2f, aquarium_balcony_double_4,
          serial_park_square1 [serial_park_minivault_5x5_2],
          nemelex_diamond_rough_becter
D:15:     gammafunk_depths_entry_grave, layout_rooms,
          chequers_serial_rivers_micro_b, tgw_fedhas, uniq_rupert, uniq_nessos,
          uniq_azrael
Temple:   nicolae_temple_bog_church
Lair:1:   layout_regular_city, nicolae_quartered_pool_medium, uniq_amaemon
Lair:2:   layout_cave_shapes, serial_bayou_crossing, serial_bayou_shore_a,
          lemuel_fruit_tree, serial_bayou_shore_b
Lair:3:   minmay_lair_oklob_tunnel, layout_concentric_octagons,
          minmay_shoals_entry_beasts, guppyfry_snake_entry_island,
          grunt_megastairs_4, lemuel_fruit_fields
Lair:4:   layout_regular_city, slime_entry_1, uniq_josephine, uniq_kirke
Lair:5:   cheibrodos_lair_end_hotspot, layout_cave_shapes,
          nicolae_lair_grazing_beasts [nicolae_sub_lair_graze_edge,
          nicolae_sub_lair_graze_edge, nicolae_sub_lair_graze_edge,
          nicolae_sub_lair_graze_edge], uniq_urug
Shoals:1: layout_shoals
Shoals:2: layout_shoals, portal_ice_cave_entry_ice_statue_two
Shoals:3: cheibrodos_shoals_satyrical_garden, layout_shoals,
          nicolae_shoals_kraken_party
Shoals:4: shoals_end_hellmonk_lost_city, serial_shops, uniq_polyphemus
Snake:1:  layout_misc_corridors, nicolae_shop_firing_range
Snake:2:  nicolae_snake_shooting_gallery, layout_layer_cave,
          nrook_loot_triangle, minmay_shop_star
Snake:3:  layout_concentric_octagons
Snake:4:  minmay_snake_end_coiled, layout_grid_shapes, basic_altar,
          minmay_shoptagon, uniq_vashnia
Orc:1:    layout_caves, serial_shops, nicolae_shop_back_alley_shop, basic_altar
Orc:2:    grunt_orc_tribal_feast, layout_caves, uniq_jorgrun, uniq_snorg
Elf:1:    elf_arrival_001, layout_rooms, mu_enter_wizlab_1,
          kennysheep_underground_church, elves_outpost_lemuel
Elf:2:    nicolae_elf_blades_crystal_corner, layout_loops_corners, serial_shops,
          shop
Elf:3:    minmay_elf_hall_dome, layout_loops_corners, basic_altar,
          gammafunk_ghost_tricky_traps,
          nicolae_gammafunk_elf_defective_weapons_storage, uniq_zenata
Vaults:1: nicolae_vaults_little_squares_3, hangedman_vaults_hat, v_misc_12,
          nicolae_vaults_steering_wheel, v_pattern_5,
          nicolae_vaults_shelves_hall, grunt_vaults_funnel,
          vaults_standard_mumra_lines, hellmonk_guarded_unrand_gong,
          ontoclasm_vaults_decontamination, layout_vaults_maze_bifur,
          serial_shops, nicolae_shop_real_fake_doors, uniq_nikola,
          uniq_saint_roka, uniq_donald
Vaults:2: nicolae_vaults_shipping_containers_2, grunt_vaults_trifunnel,
          nicolae_vaults_storage_closets_2, nicolae_vaults_heist,
          minmay_crypt_entry_vampire_xt, vaults_mumra_hexcomb,
          vaults_room_door_ring, nicolae_vaults_closet_pinwheel_6, v_misc_2,
          vaults_room_pool, layout_vaults_omnibox
Vaults:3: nicolae_vaults_surprise_closet, nicolae_vaults_ring_of_whatevers,
          nicolae_vaults_shipping_containers_7, hangedman_vaults_variations,
          vaults_room_grunt_arrival_ludios, nicolae_vaults_apartment_2,
          nicolae_vaults_diamond_1, v_alt_pattern_6, ontoclasm_vaults_eye,
          layout_vaults_chaotic_city
Vaults:4: vaults_room_fancy_cross, nicolae_vaults_mitosis, v_rooms_1, v_misc_3,
          nicolae_vaults_network_quinsquares
          [nicolae_vaults_network_quincunx_subvault,
          nicolae_vaults_network_quincunx_subvault,
          nicolae_vaults_network_quincunx_subvault,
          nicolae_vaults_network_quincunx_subvault], nicolae_vaults_what_the_h,
          nicolae_vaults_octothorpe, nicolae_vaults_puzzle_piece, v_misc_16,
          nicolae_vaults_little_squares_6, grunt_vaults_focal,
          nicolae_vaults_house_1, vaults_dpeg_diagonal, nicolae_vaults_two_Ls,
          hangedman_vaults_impose, nicolae_vaults_diamond_2, vaults_room_pools,
          layout_vaults_omnicross
Vaults:5: serial_shops
Depths:1: layout_cave_pools, enter_ziggurat_c, serial_shops, shop, shop,
          nicolae_shop_getting_attention, shop, kennysheep_cross_room,
          hell_entry, yredelemnul_altar_generic, uniq_mara, uniq_bai_suzhen
Depths:2: minmay_shoctagon, layout_honeycomb, rand_demon_pan_entry_9,
          hell_entry, minmay_misc_feat_encased, serial_shops,
          nicolae_stop_n_shop_1, st_stairs_7, infiniplex_staircase_zigzag_1
Depths:3: hourglass_vault, layout_gridlike,
          nicolae_abyss_entry_one_way_or_another, serial_glass, glass_columns_a,
          glass_columns_b, lightli_too_deep, infiniplex_staircase_river,
          uniq_frederick
Depths:4: grunt_x_marks_the_spot, layout_gridlike, nzn_hepliaklqana_mist_gate,
          pf_vacation_house_of_asmodeus, pan_entry, serial_bayou_pond_c
Zot:1:    layout_twisted_circle
Zot:2:    kennysheep_bubbly, layout_misc_corridors, lemuel_elevator
Zot:3:    layout_gridville
Zot:4:    lemuel_draconian_sentries, layout_misc_corridors
Zot:5:    layout_basic

Skill      XL: |  1  2  3  4  5  6  7  8  9 10 11 12 13 14 15 16 17 18 19 20 21 22 23 24 25 26 27 |
---------------+----------------------------------------------------------------------------------+-----
Stealth        | 2 5 10 12 15 17 18 | 18.0
Ranged Weapons | 4 5 6 7 8 9 12 14 15 16 18 19 | 19.0
Evocations     | 2 3 5 8 10 11 13 14 15 16 17 18 | 18.0
Fighting       | 3 4 5 8 10 11 12 14 16 17 18 | 18.0
Armour         | 2 5 6 8 11 13 14 15 16 17 | 17.0
Dodging        | 3 5 8 9 10 11 14 | 14.5
Invocations    | 2 5 8 9 10 12 13 | 13.0
Translocations | 5 6 7 8 9 10 14 | 14.0
Spellcasting   | 1 3 |  3.0
Shields        | 1 6 9 11 14 16 17 | 17.0
Hexes          | 3 4 |  4.0
Short Blades   | 3 4 |  4.0

Action                     |  1- 3 |  4- 6 |  7- 9 | 10-12 | 13-15 | 16-18 | 19-21 | 22-24 | 25-27 || total
---------------------------+-------+-------+-------+-------+-------+-------+-------+-------+-------++-------
  Melee: Dagger            |       |       |       |       |       |       |       |       |     1 ||     1
   Fire: Shortbow          |    95 |   192 |   412 |       |       |       |       |       |       ||   699
         Arbalest          |       |       |     5 |   252 |    20 |   438 |       |       |       ||   715
         Sling             |       |       |       |   294 |   994 |       |       |       |       ||  1288
         Hand crossbow     |       |       |       |       |       |   953 |  1231 |  1240 |  1135 ||  4559
  Throw: Boomerang         |       |     1 |       |     2 |       |       |       |       |       ||     3
         Dart              |       |       |     4 |     7 |    10 |     1 |       |       |       ||    22
   Cast: Blink             |       |       |       |       |     1 |       |       |     4 |       ||     5
         Portal Projectile |       |       |       |       |       |       |       |       |    16 ||    16
 Invoke: Ancestor Life: Kn |       |       |       |     1 |       |       |       |       |       ||     1
         Recall Ancestor   |       |       |       |     5 |     7 |     4 |     2 |     2 |     5 ||    25
         Idealise          |       |       |       |       |     3 |     7 |    13 |    10 |     7 ||    40
Ability: Spit Poison       |     2 |     8 |    21 |     2 |       |       |       |       |       ||    33
  Evoke: Wand              |       |       |     6 |     2 |     3 |     4 |     4 |     9 |    20 ||    48
         Phial of floods   |       |       |       |     1 |     1 |       |     2 |       |       ||     4
         Lightning rod     |       |       |       |       |     3 |     4 |     4 |       |     3 ||    14
         Box of beasts     |       |       |       |       |     1 |       |     2 |       |     2 ||     5
         Tin of tremorston |       |       |       |       |       |     2 |       |       |     2 ||     4
    Use: Scroll            |       |     3 |     3 |     5 |     8 |    14 |     3 |     6 |     8 ||    50
         Potion            |       |     2 |     2 |     1 |     1 |       |       |     4 |     6 ||    16
   Stab: Sleeping          |       |       |       |       |       |       |       |       |     1 ||     1
 Armour: Leather armour    |    13 |    30 |    68 |    44 |       |       |       |       |       ||   155
         Troll leather arm |       |       |       |    21 |    71 |    82 |       |       |       ||   174
         Ring mail         |       |       |       |       |       |   129 |   176 |   194 |   255 ||   754
  Dodge: Dodged            |    28 |    50 |   148 |   198 |   257 |   345 |   301 |   208 |   244 ||  1779
  Block: Buckler           |       |       |       |       |       |   162 |    42 |       |       ||   204
         Kite shield       |       |       |       |       |       |       |   178 |   366 |   390 ||   934
         Tower shield      |       |       |       |       |       |       |    80 |       |       ||    80
         Reflection        |       |       |       |       |       |       |    24 |    33 |     6 ||    63

Table legend: (Time is in decaauts)
 A = Elapsed time spent in this place.
 B = Non-inter-level travel time spent in this place.
 C = Inter-level travel time spent in this place.
 D = Time resting spent in this place.
 E = Time spent auto-exploring this place.
 F = Levels seen in this place.
 G = Mean time per level.
                   A        B        C        D        E       F      G
               +--------+--------+--------+--------+--------+-----+--------+
         Total |  78689 |  68898 |   9791 |  13553 |  40967 |  50 | 1573.8 |
       Dungeon |  26486 |  22149 |   4337 |   6021 |  12361 |  15 | 1765.7 |
        Temple |     47 |     47 |      0 |      0 |     26 |   1 |   47.0 |
          Lair |   8101 |   6535 |   1566 |   1181 |   4003 |   5 | 1620.2 |
        Shoals |   4896 |   4507 |    389 |    603 |   2953 |   4 | 1224.0 |
     Snake Pit |   5326 |   5019 |    307 |    330 |   3411 |   4 | 1331.5 |
  Orcish Mines |   1886 |   1632 |    254 |    167 |   1042 |   2 |  943.0 |
   Elven Halls |   5274 |   4708 |    566 |    806 |   2816 |   3 | 1758.0 |
        Vaults |   9112 |   8498 |    614 |    469 |   5958 |   5 | 1822.4 |
        Depths |   6109 |   4877 |   1232 |    441 |   3498 |   4 | 1527.2 |
           Zot |   9688 |   9165 |    523 |   3269 |   4132 |   5 | 1937.6 |
      Ice Cave |    674 |    674 |      0 |    186 |    184 |   1 |  674.0 |
        Wizlab |   1087 |   1087 |      0 |     77 |    580 |   1 | 1087.0 |
               +--------+--------+--------+--------+--------+-----+--------+

Top non-repeatable levels by time:
   Zot:5: 3367 daAuts
     D:6: 3064 daAuts
   Elf:3: 2896 daAuts
     D:5: 2859 daAuts
    D:11: 2630 daAuts
    D:14: 2364 daAuts
 Snake:2: 2122 daAuts
  Lair:4: 2060 daAuts
   Zot:3: 2012 daAuts
Vaults:1: 1953 daAuts
   Zot:4: 1905 daAuts
  Lair:5: 1879 daAuts
Vaults:5: 1858 daAuts
Vaults:4: 1847 daAuts
Depths:3: 1827 daAuts
